 Dungeon Crawl Stone Soup version 0.28-a0-1038-g9c4cb8273d (webtiles) character file.

Game seed: 9829668220236515757

2172 siradein the Skirmisher (level 9, -9/79 HPs)
             Began as a Ghoul Fighter on Dec 9, 2021.
             Mangled by a yak (11 damage)
             ... on level 8 of the Dungeon.
             The game lasted 00:09:07 (5595 turns).

siradein the Skirmisher (Ghoul Fighter)             Turns: 5595, Time: 00:09:08

Health: -9/79      AC: 12    Str: 22    XL:     9   Next: 32%
Magic:  17/17      EV:  6    Int:  3    God:
Gold:   261        SH: 10    Dex: 10    Spells: 8/8 levels left

rFire   . . .      SeeInvis .   a - +0 flail
rCold   + . .      Faith    .   c - +0 buckler
rNeg    + + +      Spirit   .   j - +0 plate armour
rPois   ∞          Reflect  +   (no helmet)
rElec   .          Harm     .   (no cloak)
rCorr   .          Rampage  .   (no gloves)
Will    .....                   (no boots)
Stlth   ..........              r - amulet of reflection
HPRegen 0.00/turn               n - ring of magical power
MPRegen 0.15/turn               (no ring)

@: inhibited regen
A: claws 1, cold resistance 1, negative energy resistance 3, inhibited
regeneration, torment resistance 2
a: no special abilities


You were on level 8 of the Dungeon.
You visited 1 branch of the dungeon, and saw 6 of its levels.
You also visited: Ossuary.

You collected 261 gold pieces.

Inventory:

Hand Weapons
 a - a +0 flail (weapon)
Armour
 c - a +0 buckler (worn)
 j - a +0 plate armour (worn)
Jewellery
 n - a ring of magical power (left claw)
 r - an amulet of reflection (around neck)
 x - an amulet of faith
Wands
 h - a wand of mindburst (14)
Scrolls
 e - a scroll of blinking {unknown}
 f - a scroll of enchant armour
 g - 5 scrolls of fog
 i - 2 scrolls of teleportation
 k - a scroll of amnesia
 l - a scroll of brand weapon {unknown}
 p - a scroll of immolation {unknown}
 s - a scroll of acquirement {unknown}
 u - a scroll of enchant weapon {unknown}
Potions
 b - 3 potions of attraction
 d - 2 potions of might
 m - 2 potions of flight {unknown}
 o - a potion of mutation {unknown}
 q - a potion of cancellation {unknown}
 t - 2 potions of ambrosia {unknown}
 v - a potion of berserk rage {unknown}
 w - a potion of heal wounds {unknown}


   Skills:
 + Level 7.3 Fighting
 + Level 5.7 Maces & Flails
 + Level 6.1 Armour
 + Level 6.1 Shields


You had 8 spell levels left.
You didn't know any spells.
Your spell library contained the following spells:

 Spells                   Type           Power      Damage    Failure   Level
 Sandblast                Erth           0%         2d4       100%        1
 Passwall                 Tmut/Erth      0%         N/A       100%        2
 Stone Arrow              Conj/Erth      0%         3d7       100%        3
 Animate Armour           Summ/Erth      0%         N/A       100%        4
 Iron Shot                Conj/Erth      0%         9d1       100%        6
 Blade Hands              Tmut           Unusable   N/A       N/A         5

Dungeon Overview and Level Annotations

Branches:
Dungeon (5/15)            Ossuary (visited)
 Temple: D:4-7

Altars:
Wu Jian

Annotations:
D:5 1 runed translucent door


Innate Abilities, Weirdness & Mutations

You thrive by killing the living.
You are immune to poison.
You have sharp fingernails.
Your flesh is cold resistant. (rC+)
You are immune to negative energy. (rN+++)
You do not regenerate when monsters are visible.
You are immune to unholy pain and torment.


Message History

The killer bee zombie hits you but does no damage.
You block the killer bee zombie's attack.
The killer bee zombie barely misses you.
You see here a scroll of identify.
The killer bee zombie hits you.
* * * LOW HITPOINT WARNING * * *
The killer bee zombie hits you but does no damage.
The killer bee zombie hits you but does no damage.
The killer bee zombie hits you but does no damage.
The killer bee zombie hits you but does no damage.
The killer bee zombie hits you.
* * * LOW HITPOINT WARNING * * *
The killer bee zombie hits you but does no damage.
You block the killer bee zombie's attack.
The killer bee zombie hits you.
* * * LOW HITPOINT WARNING * * *
You block the killer bee zombie's attack.
You block the killer bee zombie's attack.
The killer bee zombie hits you but does no damage.
You block the killer bee zombie's attack.
You block the killer bee zombie's attack.
The killer bee zombie hits you but does no damage.
You block the killer bee zombie's attack.
You block the killer bee zombie's attack.
The killer bee zombie barely misses you.
You block the killer bee zombie's attack.
The killer bee zombie hits you but does no damage.
You block the killer bee zombie's attack.
As you open the door, it creaks loudly!
The killer bee zombie closely misses you.
You block the killer bee zombie's attack.
There is an open door here.
The killer bee zombie hits you.
* * * LOW HITPOINT WARNING * * *
You block the killer bee zombie's attack.
You block the killer bee zombie's attack.
You block the yak's attack. The killer bee zombie hits you.
* * * LOW HITPOINT WARNING * * *
The yak gores you!
You die...

#. #.#####
#.....###########
#.....'.g.Y.....#
###....g#########.#
.......Z## #.#
#######.Y########.########
........Y........g..g.YY.
#######.@####.(...#######
##.## #.....# #..# #$....#
##.# #.....# #)####....#
#..# #....# ##.###....#
####..#### #........#


You could see 2 yaks, a gnoll and a killer bee zombie.

Vanquished Creatures
  A hornet (D:8)
  Sigmund (D:2)
  A yak (D:8)
  A sky beast (D:5)
  2 black bears
  A necrophage (D:5)
  4 elf zombies (Ossuary)
  2 phantoms
  4 scorpions
  A water moccasin zombie (D:5)
  A howler monkey (D:5)
  3 hounds
  An orc priest (D:5)
  A gnoll shaman (D:8)
  A bullfrog skeleton (D:5)
  An iguana (D:5)
  2 orc wizards (D:5)
  A hound zombie (Ossuary)
  2 hound skeletons (D:5)
  3 mummies (Ossuary)
  A howler monkey zombie (D:5)
  3 gnolls (D:8)
  5 adders
  A shadow imp (D:5)
  An ufetubus (D:5)
  2 adder zombies (Ossuary)
  4 worms (D:2)
  3 dart slugs (D:2)
  16 orcs
  8 endoplasms
  A giant cockroach (D:2)
  6 hobgoblins
  2 jackals (D:3)
  6 quokkas
  8 ball pythons
  4 bats
  A frilled lizard (D:1)
  2 gnoll zombies (Ossuary)
  8 goblins
  4 goblin zombies (Ossuary)
  4 hobgoblin zombies (Ossuary)
  4 jackal zombies (Ossuary)
  9 kobolds
  A kobold zombie (Ossuary)
  3 orc zombies (Ossuary)
  4 quokka zombies (Ossuary)
  6 rats
  A rat zombie (Ossuary)
152 creatures vanquished.

Notes
Turn   | Place    | Note
-------+----------+-------------------------------------------
     0 | D:1      | siradein the Ghoul Fighter began the quest for the Orb.
     0 | D:1      | Reached XP level 1. HP: 19/19 MP: 0/0
   112 | D:1      | Reached XP level 2. HP: 26/26 MP: 1/1
   777 | D:2      | Reached XP level 3. HP: 24/31 MP: 2/2
   880 | D:2      | Noticed Sigmund
   920 | D:2      | HP: 1/31 [something (2)]
   923 | D:2      | Killed Sigmund
   924 | D:2      | Reached skill level 4 in Fighting
   924 | D:2      | Reached XP level 4. HP: 2/41 MP: 3/3
   924 | D:2      | Reached XP level 5. HP: 2/47 MP: 4/4
  1597 | D:2      | Reached XP level 6. HP: 42/53 MP: 5/5
  2334 | D:3      | Found an ornate altar of the Wu Jian Council.
  2763 | D:3      | Found a faded altar of an unknown god.
  2885 | D:4      | Noticed a black bear
  2982 | D:4      | Reached skill level 5 in Fighting
  3009 | D:4      | Reached XP level 7. HP: 48/61 MP: 6/6
  3631 | D:5      | Entered Level 5 of the Dungeon
  3631 | D:5      | Identified the +7 hunting sling "Ipneitog" {flame, rCorr
                  | Int+4 Dex+5}
  3631 | D:5      | Found a runed translucent gate.
  3782 | D:5      | Reached XP level 8. HP: 43/70 MP: 7/7
  3864 | D:5      | Found a sand-covered staircase.
  3869 | Ossuary  | Entered an ossuary
  3980 | Ossuary  | Reached skill level 5 in Armour
  4041 | Ossuary  | Reached skill level 6 in Fighting
  4240 | Ossuary  | Reached skill level 5 in Shields
  4825 | D:5      | Reached skill level 5 in Maces & Flails
  5203 | D:5      | Reached XP level 9. HP: 77/78 MP: 8/8
  5261 | D:5      | Reached skill level 7 in Fighting
  5450 | D:5      | You fall into a shaft and drop 3 floors!
  5538 | D:8      | Noticed a hornet
  5547 | D:8      | Killed a hornet
  5594 | D:8      | HP: 2/79 [killer bee zombie (2)]
  5595 | D:8      | Mangled by a yak

Illustrated notes

Levels and vault maps discovered:
D:1:      minmay_arrival_pointy, layout_rooms, minmay_vboxes
D:2:      layout_loops_ring, serial_glass, glass_columns_c, glass_columns_c,
          glass_columns_a, glass_columns_a, minmay_fountain_box, uniq_sigmund
D:3:      corexii_shack_village, layout_loops_ring,
          nicolae_wu_jian_wuxing_cycle, shapermc_ecumenical_altar_mp_vishouse,
          columned_hall_lemuel, minmay_misc_feat_encased,
          kennysheep_pointless_box, chequers_decorated_corner
D:4:      layout_cave_pools
D:5:      layout_layer_cave, enter_ossuary_5, biasface_ghost_orc_armoury,
          kennysheep_generic_room_16
D:8:      layout_basic, grunt_lair_entry_orc_guard_hut

Skill      XL: |  1  2  3  4  5  6  7  8  9 |
---------------+----------------------------+-----
Maces & Flails | 2 3 4 5 |  5.7
Armour         | 3 4 5 6 |  6.1
Shields        | 3 4 5 6 |  6.1
Fighting       | 4 5 6 7 |  7.3

Action                   |  1- 3 |  4- 6 |  7- 9 || total
-------------------------+-------+-------+-------++-------
Melee: Flail             |    80 |   168 |   464 ||   712
  Use: Potion            |     1 |       |       ||     1
       Scroll            |       |       |     7 ||     7
Armor: Scale mail        |    31 |       |       ||    31
       Chain mail        |    13 |    28 |       ||    41
       Plate armour      |       |    81 |   255 ||   336
Dodge: Dodged            |    31 |    61 |   119 ||   211
Block: Buckler           |    10 |    34 |   214 ||   258

Table legend: (Time is in decaauts)
 A = Elapsed time spent in this place.
 B = Non-inter-level travel time spent in this place.
 C = Inter-level travel time spent in this place.
 D = Time resting spent in this place.
 E = Time spent auto-exploring this place.
 F = Levels seen in this place.
 G = Mean time per level.
                   A        B        C        D        E       F      G
               +--------+--------+--------+--------+--------+-----+--------+
         Total |   5743 |   5597 |    146 |     10 |   4053 |   7 |  820.4 |
       Dungeon |   4970 |   4824 |    146 |     10 |   3543 |   6 |  828.3 |
       Ossuary |    772 |    772 |      0 |      0 |    510 |   1 |  772.0 |
               +--------+--------+--------+--------+--------+-----+--------+

Top non-repeatable levels by time:
     D:2: 1255 daAuts
     D:5: 1114 daAuts
     D:3: 913 daAuts
     D:4: 779 daAuts
 Ossuary: 772 daAuts
     D:1: 757 daAuts
     D:8: 150 daAuts
